 Dungeon Crawl Stone Soup version 0.31-a0-232-gb1c03b2570 (webtiles) character file.

Game seed: 11692108497478036545

441 qw the Shooter (level 6, -3/52 HPs)
             Began as a Minotaur Hexslinger on July 7, 2023.
             Was an Initiate of Okawaru.
             Slain by an orc warrior
             ... wielding a +0 trident
              (9 damage)
             ... on level 5 of the Dungeon.
             The game lasted 00:01:31 (4328 turns).

qw the Shooter (Minotaur Hexslinger)                Turns: 4328, Time: 00:01:32

Health: -3/52      AC:  8    Str: 13    XL:     6   Next: 70%
Magic:  6/6        EV: 11    Int: 10    God:    Okawaru [......]
Gold:   223        SH:  0    Dex: 20    Spells: 6/7 levels left

rFire   . . .        Y - +2 sling
rCold   . . .        (no shield)
rNeg    . . .        d - +0 ring mail
rPois   .            (helmet restricted)
rElec   .            k - +0 cloak
rCorr   .            (no gloves)
SInv    .            n - +1 pair of boots
Will    .....        (no amulet)
Stlth   +            g - +6 ring of dexterity
HPRegen 0.28/turn    (no ring)
MPRegen 0.10/turn

%: no passive effects
@: no status effects
A: horns 2, retaliatory headbutt
a: Renounce Religion


You were on level 5 of the Dungeon.
You worshipped Okawaru.
Okawaru was noncommittal.
You visited 2 branches of the dungeon, and saw 6 of its levels.

You collected 223 gold pieces.


Innate Abilities, Weirdness & Mutations

You have a pair of horns on your head.
You reflexively headbutt those who attack you in melee.


   Skills:
 - Level 4.0 Fighting
 - Level 7.0 Ranged Weapons
 + Level 1.0 Armour
 - Level 2.1 Dodging
 - Level 1.0 Spellcasting
 - Level 2.0 Hexes


You had 6 spell levels left.
You knew the following spells:

 Your Spells              Type           Power      Damage    Failure   Level
a - Slow                  Hex            16%        N/A       32%         1

Your spell library contained the following spells:

 Spells                   Type           Power      Damage    Failure   Level
 Inner Flame              Hex/Fire       2%         N/A       82%         3
 Portal Projectile        Hex/Tloc       4%         N/A       82%         3
 Cause Fear               Hex            2%         N/A       97%         4

Inventory:

Hand Weapons
 Y - a +2 sling (weapon)
Armour
 d - a +0 ring mail (worn)
 k - a +0 cloak (worn)
 n - a +1 pair of boots (worn)
Jewellery
 g - a +6 ring of dexterity (left hand)
Scrolls
 c - a scroll of vulnerability {unknown}
 l - 2 scrolls of identify
 m - a scroll of teleportation
Potions
 b - a potion of enlightenment
 e - a potion of invisibility {unknown}
 f - a potion of cancellation
 h - a potion of might
 i - a potion of attraction {unknown}

Dungeon Overview and Level Annotations

Branches:
Dungeon (5/15)             Temple (1/1) D:4

Altars:
Ashenzari
Cheibriados
Dithmenos
Elyvilon
Gozag
Hepliaklqana
Kikubaaqudgha
Makhleb
Nemelex Xobeh
Okawaru
Qazlal
Ru
Sif Muna
Trog
Uskayaw
Vehumet
Wu Jian
Yredelemnul
Zin
The Shining One

Portals:
Abyss: D:5

Annotations:
D:5 2 transporters, exclusion: orc warrior, qw's ghost, novice GrFi


Message History

Enter note:
Enter note:
Enter note:
Enter note:
4326 ||| READING scroll labelled LODOGI ZASAST.
As you read the scroll labelled LODOGI ZASAST, it dissolves into smoke.
It was a scroll of fog.
The orc warrior misses you.
Enter note:
Enter note:
Enter note:
Enter note:
Enter note:
Enter note:
Enter note: The orc warrior hits you with a +0 trident.
Enter note:
Enter note:
Enter note:
Enter note:
Enter note:
Enter note:
Enter note:
Enter note:
Enter note:
Enter note:
Enter note:
Enter note:
Enter note:
Enter note:
Enter note:
Enter note:
Enter note:
Enter note:
Enter note:
Enter note: The orc warrior attacks as you move away!
The orc warrior hits you with a +0 trident!
The orc warrior hits you from afar with a +0 trident!
You die...

.#... ###.).....#######..#
#....# ........#.## #..#
#.#^.# ........#..# #..#
#...##..###....##.# #..#
#...# . #.##...##.#######..#
....# . ##¤¤##.##.......# ^#
#. ##¤¤##.##.####..## #.###
..##.¤¤##¤##.####...# ..#.#
#.#.¤¤¤¤@¤......##..# ##..#
...#..¤o#####........#
.##^#### ##....### #.##.##..#
..###..###.......# #........#
...............#.###.##.###.#
...................#.##.# #.#
###..###.####.####.#.##.# #.#
# #.## #.# #.# #.#....###.# #
#.# #.####.####.#........#


You could see an orc warrior.

Vanquished Creatures
  A howler monkey (D:4)
  A hound (D:5)
  An orc priest (D:5)
  A jelly (D:5)
  A sleepcap (D:5)
  3 iguanas
  An orc wizard (D:5)
  A hound skeleton (D:2)
  5 adders
  A shadow imp (D:5)
  An ufetubus (D:5)
  2 worms
  4 dart slugs
  18 orcs
  4 ball pythons
  2 bats
  4 endoplasms
  4 giant cockroaches
  2 goblins
  8 hobgoblins
  2 jackals (D:2)
  5 quokkas
  A ball python zombie (D:2)
  3 frilled lizards
  7 kobolds
  A quokka zombie (D:2)
  9 rats
93 creatures vanquished.

Notes
Turn   | Place    | Note
-------+----------+-------------------------------------------
     0 | D:1      | qw the Minotaur Hexslinger began the quest for the Orb.
     0 | D:1      | Reached XP level 1. HP: 16/16 MP: 1/1
     0 | D:1      | 0 ||| qw: Version: 0.3-a-46-gb1f654a
     0 | D:1      | 0 ||| qw: Game counter: 2163
     0 | D:1      | 0 ||| qw: Melee chars always use a shield: true
     0 | D:1      | 0 ||| qw: God list: Okawaru
     0 | D:1      | 0 ||| qw: Allow faded altars: false
     0 | D:1      | 0 ||| qw: Do Orc after clearing Dungeon:15 true
     0 | D:1      | 0 ||| qw: Do second Lair branch before Depths: true
     0 | D:1      | 0 ||| qw: Lair rune preference: random
     0 | D:1      | 0 ||| qw: Goals: Normal
     0 | D:1      | 0 ||| PLANNING D:1-11
    79 | D:1      | 79 ||| FLEEEEING.
    80 | D:1      | 80 ||| FLEEEEING.
    82 | D:1      | 82 ||| FLEEEEING.
    85 | D:1      | Reached skill level 3 in Ranged Weapons
   111 | D:1      | Reached XP level 2. HP: 23/23 MP: 2/2
   660 | D:1      | 660 ||| UPGRADING to +0 ring mail.
   670 | D:1      | 670 ||| DROPPING +0 robe.
   671 | D:1      | 671 ||| READING scroll labelled XEFI JOCIUWUK.
   672 | D:1      | 672 ||| READING scroll labelled JAMUOF WYRAFF.
   673 | D:1      | 673 ||| READING scroll labelled IMUAVET ITOSAZ.
   674 | D:1      | 674 ||| READING scroll labelled EMONOY VOYR.
   675 | D:1      | 675 ||| DROPPING scroll of poison.
   950 | D:2      | Reached XP level 3. HP: 13/29 MP: 3/3
  1084 | D:2      | 1084 ||| FLEEEEING.
  1087 | D:2      | 1087 ||| FLEEEEING.
  1088 | D:2      | 1088 ||| FLEEEEING.
  1128 | D:2      | Reached skill level 4 in Ranged Weapons
  1165 | D:2      | Reached skill level 1 in Armour
  1601 | D:2      | 1601 ||| UPGRADING to +6 ring of dexterity.
  1602 | D:2      | 1602 ||| READING scroll labelled QUXOHA EPSI.
  1603 | D:2      | 1603 ||| DRINKING 2 blue potions.
  1641 | D:3      | Reached XP level 4. HP: 34/36 MP: 4/4
  2380 | D:3      | Reached skill level 5 in Ranged Weapons
  2442 | D:3      | 2442 ||| UPGRADING to +0 cloak.
  2447 | D:3      | 2447 ||| UPGRADING to +0 pair of boots.
  2452 | D:3      | 2452 ||| READING scroll of enchant armour.
  2452 | D:3      | 2452 ||| ENCHANTING +0 pair of boots.
  2453 | D:3      | 2453 ||| READING scroll labelled QUEWUT TUMA.
  2454 | D:3      | 2454 ||| READING 3 scrolls labelled WOPHAOHONO.
  2459 | D:3      | 2459 ||| DRINKING 2 yellow potions.
  2849 | D:4      | Reached skill level 3 in Fighting
  2858 | D:4      | Reached XP level 5. HP: 44/45 MP: 5/5
  2901 | D:4      | Found a staircase to the Ecumenical Temple.
  2902 | D:4      | 2902 ||| PLANNING TEMPLE
  2912 | D:4      | 2912 ||| DRINKING 2 viscous purple potions.
  2913 | D:4      | 2913 ||| READING 3 scrolls of identify.
  2913 | D:4      | 2913 ||| IDENTIFYING sapphire potion
  2914 | D:4      | 2914 ||| READING 2 scrolls of identify.
  2914 | D:4      | 2914 ||| IDENTIFYING fizzy golden potion
  2915 | D:4      | 2915 ||| DROPPING potion of berserk rage.
  2925 | Temple   | Entered the Ecumenical Temple
  2935 | Temple   | 2935 ||| PLANNING OKAWARU WORSHIP
  2942 | Temple   | Became a worshipper of Warmaster Okawaru
  2943 | Temple   | 2943 ||| PLANNING D:1-11
  3354 | D:4      | 3354 ||| READING scroll labelled IHAZXI UDIU.
  3355 | D:4      | 3355 ||| READING scroll labelled NAISMY ZASOTZY.
  3356 | D:4      | 3356 ||| READING 2 scrolls of identify.
  3356 | D:4      | 3356 ||| IDENTIFYING clear potion
  3403 | D:5      | Entered Level 5 of the Dungeon
  3413 | D:5      | Found a transporter.
  3413 | D:5      | Noticed a toenail golem
  3437 | D:5      | Reached skill level 6 in Ranged Weapons
  3516 | D:5      | Found a glowing silver altar of Zin.
  3517 | D:5      | Found a burning altar of Makhleb.
  3519 | D:5      | Found a basalt altar of Yredelemnul.
  3519 | D:5      | Found a bloodstained altar of Trog.
  3582 | D:5      | Reached XP level 6. HP: 43/52 MP: 6/6
  3586 | D:5      | Noticed an orc warrior
  3587 | D:5      | 3587 ||| FLEEEEING.
  3630 | D:5      | Found a transporter.
  3649 | D:5      | HP: 8/52 [orc warrior/+0 trident (7)]
  3650 | D:5      | 3650 ||| READING 2 scrolls of teleportation.
  3651 | D:5      | 3651 ||| DRINKING potion of heal wounds.
  3926 | D:5      | Found a one-way gate to the infinite horrors of the Abyss.
  3926 | D:5      | Noticed qw's ghost (novice GrFi)
  4035 | D:5      | Found a radiant altar of Vehumet.
  4266 | D:5      | 4266 ||| DRINKING potion of curing.
  4266 | D:5      | 4266 ||| (to cure confusion)
  4268 | D:5      | Reached skill level 7 in Ranged Weapons
  4326 | D:5      | 4326 ||| READING scroll labelled LODOGI ZASAST.
  4328 | D:5      | HP: 5/52 [orc warrior/+0 trident (10)]
  4328 | D:5      | Slain by an orc warrior

Levels and vault maps discovered:
D:1:      wander_arrival_desolate, layout_loops_ring, minmay_misc_feat_tower,
          dk_noncrumbling_2
D:2:      layout_basic, serial_undead, serial_undead_c, serial_undead_e,
          serial_undead_e, serial_undead_f
D:3:      layout_basic
D:4:      layout_loops_corners, minmay_temple_entry_purple_smoke
D:5:      layout_loops_ring, mainiacjoe_overflow_alcove_3,
          vehumet_altar_wand_db, gammafunk_ghost_abyssal_escape
Temple:   hellmonk_temple_two_chambers

Skill      XL: |  1  2  3  4  5  6 |
---------------+-------------------+-----
Ranged Weapons | 3 4 5 6 7 |  7.0
Fighting       | 2 3 4 |  4.0
Armour         | 1 |  1.0
Dodging        | |  2.1
Spellcasting   | |  1.0
Hexes          | |  2.0

Action                     |  1- 3 |  4- 6 || total
---------------------------+-------+-------++-------
   Fire: Sling             |   112 |   203 ||   315
    Use: Scroll            |     5 |    10 ||    15
         Potion            |     1 |     4 ||     5
 Armour: Robe              |     4 |       ||     4
         Ring mail         |    17 |    27 ||    44
  Dodge: Dodged            |    30 |    49 ||    79

Table legend:
 A = Non-vault XP
 B = Vault XP
 C = Vault XP percentage of total XP
 D = Non-vault monster count
 E = Vault monster count
 F = Vault count percentage of total count
                 A         B        C        D         E       F
            +---------+---------+-------+---------+---------+-------
      Total |     608 |      22 |   3.5 |      89 |       4 |   4.3
            +---------+---------+-------+---------+---------+-------
        D:1 |      22 |       0 |   0.0 |      13 |       0 |   0.0
        D:2 |      41 |      20 |  32.8 |      12 |       3 |  20.0
        D:3 |      70 |       0 |   0.0 |      26 |       0 |   0.0
        D:4 |     163 |       0 |   0.0 |      22 |       0 |   0.0
        D:5 |     312 |       2 |   0.6 |      16 |       1 |   5.9
            +---------+---------+-------+---------+---------+-------
